 Dungeon Crawl Stone Soup version 0.17-a0-1642-gd4b747b (webtiles) character file.

10008 karlkraus the Blocker (level 11, -3/95 HPs)
             Began as a Minotaur Fighter on Aug 9, 2015.
             Was a Priest of Qazlal.
             Killed from afar by an electric eel (9 damage)
             ... with a bolt of electricity
             ... on level 10 of the Dungeon.
             The game lasted 00:26:28 (8768 turns).

karlkraus the Blocker (Minotaur Fighter)            Turns: 8768, Time: 00:26:28

Health: -3/95      AC: 23    Str: 23    XL:     11   Next: 30%
Magic:  0/10       EV: 15    Int:  5    God:    Qazlal [***...]
Gold:   518        SH: 18    Dex: 13    Spells: 0 memorised, 10 levels left

rFire  + . .     SeeInvis .     G - +0 mace (holy)
rCold  . . .     Clarity  .     u - +7 ring mail of Weocafaph {*Drain rPois rCorr}
rNeg   . . .     SustAt   .     c - +1 shield
rPois  +         Gourm    .     (helmet restricted)
rElec  .         Spirit   +     J - +2 cloak
rCorr  +         Warding  .     (no gloves)
rMut   .         Rnd*Tele +     q - +2 pair of boots
MR     .....                    h - amulet of guardian spirit
Stlth  +.........               E - +3 ring of protection
                                F - ring of poison resistance

@: not resistant to hostile enchantments, very unstealthy
A: retaliatory headbutt, horns 2, talons 1, fire resistance 1, strong 1,
teleportitis 1
a: Upheaval, Elemental Force, Renounce Religion


You were on level 10 of the Dungeon.
You worshipped Qazlal.
Qazlal was most pleased with you.
You were not hungry.

You visited 1 branch of the dungeon, and saw 10 of its levels.

You collected 518 gold pieces.

Inventory:

Hand weapons
 G - a +0 mace of holy wrath (weapon)
 K - a +3 flail
Armour
 c - a +1 shield (worn)
 j - a +0 plate armour
 l - a +0 cloak
 q - a +2 pair of boots (worn)
 u - the +7 ring mail of Weocafaph (worn) {*Drain rPois rCorr}
   (You found it on level 6 of the Dungeon)

   It protects you from poison.
   It protects you from acid and corrosion.
   It causes draining when unequipped.
 J - a +2 cloak (worn)
Jewellery
 h - an amulet of guardian spirit (around neck)
 v - an uncursed ring of see invisible
 x - a cursed -3 ring of dexterity {unknown}
 y - an uncursed ring of sustain attributes
 E - a +3 ring of protection (right hand)
 F - a ring of poison resistance (left hand)
Magical devices
 a - a wand of flame (39)
 B - a wand of digging (11)
 H - a wand of heal wounds (7)
 I - a wand of magic darts (10)
Scrolls
 b - a scroll of amnesia {unknown}
 m - 5 scrolls of identify
 o - 5 scrolls of teleportation
 s - a scroll of remove curse
 C - a scroll of fear
 D - a scroll of recharging
 O - a scroll of enchant weapon {unknown}
Potions
 d - a potion of might
 g - 3 potions of agility
 k - a potion of cure mutation
 p - 2 potions of lignification
 r - a potion of invisibility
 A - 2 potions of curing
 N - a potion of ambrosia {unknown}
Books
 z - a book of Death

   Spells                             Type                      Level
   a - Corpse Rot                     Necromancy                   2
   b - Sublimation of Blood           Necromancy                   2
   c - Agony                          Necromancy                   5
   d - Dispel Undead                  Necromancy                   5
   e - Excruciating Wounds            Charms/Necromancy            5
   f - Bolt of Draining               Conjuration/Necromancy       5
 M - a book of the Earth

   Spells                             Type                      Level
   a - Leda's Liquefaction            Hexes/Earth                  4
   b - Bolt of Magma                  Conjuration/Fire/Earth       5
   c - Statue Form                    Transmutation/Earth          6
   d - Iron Shot                      Conjuration/Earth            6
   e - Shatter                        Earth                        9
Comestibles
 e - 9 bread rations
 f - 4 beef jerkies
 i - 15 fruits
 n - 9 slices of pizza
 t - 5 meat rations
 w - a chunk of flesh


   Skills:
 + Level 8.4 Fighting
 + Level 10.3 Maces & Flails
 + Level 7.6 Armour
 + Level 9.4 Dodging
 + Level 2.0 Stealth
 + Level 12.1 Shields


You had 10 spell levels left.
You didn't know any spells.

Dungeon Overview and Level Annotations

Branches:
Dungeon (10/15)            Temple (0/1) D:7            Lair (0/8) D:8
    Orc: D:9-12

Altars:
Cheibriados
Dithmenos
Fedhas
Kikubaaqudgha
Makhleb
Qazlal
Xom
The Shining One

Annotations:
D:10 Fannar


Innate Abilities, Weirdness & Mutations

You reflexively headbutt those who attack you in melee.
You have a pair of horns on your head.
You have sharp toenails.
Your flesh is heat resistant.
Your muscles are strong. (Str +2)
You are occasionally teleported to nearby monsters.


Message History

The electric eel shoots out a bolt of lightning at you!
The bolt of electricity hits you!
* * * LOW HITPOINT WARNING * * *
The ogre is engulfed in roaring flames.
You kill the ogre!
Qazlal accepts your kill.
You hear a shout!
The electric eel shoots out a bolt of lightning at you!
The bolt of electricity hits you!
* * * LOW HITPOINT WARNING * * *
You hear a shout!
The electric eel shoots out a bolt of lightning at you!
The bolt of electricity hits you!
* * * LOW HITPOINT WARNING * * *
The electric eel shoots out a bolt of lightning at you!
The bolt of electricity hits you!
The electric eel shoots out a bolt of lightning at you!
The bolt of electricity hits the electric eel.
The electric eel completely resists.
The bolt of electricity hits you!
You die...

...................≈≈≈≈≈≈≈≈
PP..PPP.P.P.P..P).)≈≈≈≈;≈≈≈
..(................≈≈≈≈≈≈≈≈
P..P....P.......P..≈≈≈≈≈≈≈≈
...................≈≈≈≈≈≈≈≈
#######P.......P...;≈≈≈≈≈≈≈
# #........%...≈≈≈≈≈≈≈≈ #
#PP....P.PP..≈≈≈≈≈≈≈≈
####++#.........@..≈≈≈≈..≈≈
........P.PPP.....≈≈≈≈.....
.!................≈≈≈≈....#
####..P.P.P.P.P...≈≈≈≈≈..##
# +..P...P...P.P≈≈≈≈≈≈..# #
#..........P.P≈≈≈≈≈≈..##
####..P...P...P.P.≈≈≈≈≈...+#
........P...P.P.P.≈≈≈≈≈....#
♣.......P...P...P.≈≈≈≈≈.....


You could see 2 electric eels.

Vanquished Creatures
  Snorg (D:10)
  3 skeletal warriors (D:10)
  Pikel (D:9)
  A hill giant (D:10)
  Maurice (D:9)
  A merfolk (D:10)
  A two-headed ogre (D:9)
  3 yaks
  A human (D:7)
  Eustachio (D:5)
  A hog (D:7)
  2 hippogriffs
  A wyvern (D:10)
  2 sky beasts
  8 ogres
  4 orc warriors
  4 black bears (D:10)
  A slave (D:9)
  The ghost of karlkraus the Shield-Bearer, an average MiFi (D:4)
  5 centaurs
  A giant frog (D:9)
  3 scorpions
  9 killer bees
  A vampire bat (D:7)
  6 crimson imps
  10 wights
  4 electric eels (D:10)
  3 centaur zombies
  A hound (D:7)
  A gnoll shaman (D:3)
  An iguana (D:10)
  2 centaur skeletons
  4 orc priests
  3 jellies
  3 orc wizards
  4 worker ants
  8 sheep
  A killer bee zombie (D:10)
  A hound skeleton (D:5)
  4 gnolls
  18 adders
  2 worker ant zombies (D:5)
  3 shadow imps
  An ooze (D:3)
  2 adder zombies
  2 adder skeletons
  A worm (D:2)
  6 giant geckos
  30 orcs
  3 ball pythons
  3 bat skeletons (D:7)
  2 bat zombies (D:7)
  10 giant cockroaches
  12 hobgoblins
  8 jackals
  14 kobolds
  2 quokkas
  7 bats
  3 giant gecko skeletons
  8 giant newts
  9 goblins
  9 rats
  3 plants (D:10)
271 creatures vanquished.

Vanquished Creatures (others)
  16 plants (D:10)
16 creatures vanquished.

Grand Total: 287 creatures vanquished

Notes
Turn   | Place    | Note
--------------------------------------------------------------
     0 | D:1      | karlkraus the Minotaur Fighter began the quest for the Orb.
     0 | D:1      | Reached XP level 1. HP: 19/19 MP: 0/0
    50 | D:1      | Reached skill level 4 in Armour
    99 | D:1      | Reached XP level 2. HP: 24/27 MP: 1/1
   328 | D:1      | Reached XP level 3. HP: 23/33 MP: 2/2
   813 | D:2      | Reached XP level 4. HP: 20/40 MP: 3/3
   868 | D:2      | Reached skill level 1 in Dodging
   995 | D:2      | Found a faded altar to an unknown god.
  1437 | D:2      | Reached XP level 5. HP: 10/46 MP: 4/4
  1438 | D:2      | Reached skill level 5 in Shields
  2206 | D:3      | Reached skill level 5 in Armour
  2206 | D:3      | Reached XP level 6. HP: 12/53 MP: 5/5
  2584 | D:4      | Found a shadowy altar of Dithmenos.
  2859 | D:4      | Noticed karlkraus's ghost (average MiFi)
  2864 | D:4      | Killed karlkraus's ghost
  2864 | D:4      | Reached skill level 6 in Shields
  3121 | D:4      | Reached skill level 5 in Fighting
  3121 | D:4      | Reached XP level 7. HP: 53/61 MP: 6/6
  3213 | D:5      | Entered Level 5 of the Dungeon
  3292 | D:5      | Reached skill level 5 in Maces & Flails
  3296 | D:5      | Gained mutation: You are occasionally teleported to nearby monsters. [mutagenic meat]
  3422 | D:5      | Gained mutation: You have sharp toenails. [potion of mutation]
  3422 | D:5      | Gained mutation: Your flesh is heat resistant. [potion of mutation]
  3422 | D:5      | Gained mutation: Your muscles are strong. (Str +2) [potion of mutation]
  3450 | D:5      | Noticed Eustachio
  3465 | D:5      | Killed Eustachio
  3465 | D:5      | Reached skill level 7 in Shields
  3465 | D:5      | Reached XP level 8. HP: 69/69 MP: 7/7
  4178 | D:6      | Found a stormy altar of Qazlal.
  4189 | D:6      | Got an ichor-stained ring mail
  4200 | D:6      | Identified the +7 ring mail of Weocafaph {*Drain rPois rCorr} (You found it on level 6 of the Dungeon)
  4230 | D:6      | Became a worshipper of Qazlal Stormbringer
  4366 | D:6      | Reached skill level 8 in Shields
  4506 | D:7      | Reached XP level 9. HP: 53/78 MP: 6/8
  4509 | D:7      | Reached skill level 5 in Dodging
  4637 | D:7      | Reached skill level 9 in Shields
  4819 | D:7      | Found an ancient bone altar of Kikubaaqudgha.
  4821 | D:7      | Acquired Qazlal's first power
  4859 | D:7      | Found a staircase to the Ecumenical Temple.
  4910 | D:7      | Reached skill level 1 in Stealth
  5372 | D:8      | Reached skill level 10 in Shields
  5394 | D:8      | Acquired Qazlal's second power
  6135 | D:8      | Found a burning altar of Makhleb.
  6136 | D:8      | Found a shimmering altar of Xom.
  6159 | D:8      | Found a staircase to the Lair.
  6355 | D:9      | Noticed Maurice
  6368 | D:9      | Killed Maurice
  6368 | D:9      | Reached XP level 10. HP: 84/86 MP: 9/9
  6863 | D:9      | Found a glowing golden altar of the Shining One.
  6863 | D:9      | Found a snail-covered altar of Cheibriados.
  6865 | D:9      | Found a blossoming altar of Fedhas.
  6941 | D:9      | Noticed Pikel
  6959 | D:9      | Killed Pikel
  6959 | D:9      | Reached skill level 11 in Shields
  7453 | D:10     | Entered Level 10 of the Dungeon
  7600 | D:10     | Noticed Snorg
  7609 | D:10     | Killed Snorg
  7669 | D:10     | Noticed Fannar
  7685 | D:10     | Noticed a hill giant
  7718 | D:10     | Killed a hill giant
  7993 | D:10     | Reached XP level 11. HP: 84/94 MP: 10/10
  8038 | D:10     | Acquired Qazlal's third power
  8111 | D:10     | Noticed a skeletal warrior
  8112 | D:10     | Noticed a skeletal warrior
  8114 | D:10     | Noticed a skeletal warrior
  8152 | D:10     | Killed a skeletal warrior
  8152 | D:10     | Reached skill level 10 in Maces & Flails
  8648 | D:10     | Killed a skeletal warrior
  8679 | D:10     | Killed a skeletal warrior
  8679 | D:10     | Reached skill level 12 in Shields
  8768 | D:10     | Killed from afar by an electric eel

Vault maps used:
D:1:      dpeg_arrival_ratfight, st_stairs_11, minmay_misc_feat_tiny
D:2:      ecumenical_altar_2
D:3:      minmay_misc_feat_roman
D:4:      nicolae_overflow_hidden_temple, hex_tiny
D:5:      first_bread, serial_bayou_pond_d, hangedman_decor_growths,
          uniq_eustachio
D:6:      grunt_qazlal_sundering
D:7:      kennysheep_vampire_church, temple_statues, grunt_livestock
D:8:      grunt_temple_overflow_champion_of_chaos, lair_0_dummy
D:9:      grunt_temple_overflow_open, uniq_maurice, uniq_pikel
D:10:     kennysheep_town, uniq_fannar, uniq_gastronok, uniq_snorg

Action                   |  1- 3 |  4- 6 |  7- 9 | 10-12 || total
-------------------------+-------+-------+-------+-------++-------
Melee: Flail             |   106 |   196 |   286 |   147 ||   735
       Mace              |       |       |   132 |    99 ||   231
  Use: Potion            |       |     1 |     2 |     5 ||     8
       Scroll            |       |       |    18 |     1 ||    19
 Stab: Fleeing           |       |       |       |     1 ||     1
  Eat: Chunk             |       |     5 |    11 |    10 ||    26
       Pizza             |       |     1 |       |       ||     1
       Fruit             |       |       |     1 |       ||     1
